 Dungeon Crawl Stone Soup version 0.26-a0-753-g4680b4fa2e (webtiles) character file.

Game seed: 29233839291006341

375 Murumi the Conjurer (level 6, -1/61 HPs)
             Began as an Ogre Conjurer on Nov 7, 2020.
             Slain by a quasit (2 damage)
             ... summoned by Eustachio
             ... on level 4 of the Dungeon.
             The game lasted 00:15:46 (4058 turns).

Murumi the Conjurer (Ogre Conjurer)                 Turns: 4058, Time: 00:15:47

Health: -1/61      AC:  4    Str: 10 (12) XL:     6   Next: 72%
Magic:  8/10       EV:  9    Int: 17 (19) God:
Gold:   195        SH:  0    Dex:  6 (7)  Spells: 8/11 levels left

rFire    + . .     SeeInvis .   r - +0 flail (holy)
rCold    . . .     Faith    .   (no shield)
rNeg     . . .     Spirit   .   a - +0 robe
rPois    .         Reflect  .   (helmet restricted)
rElec    .         Harm     .   h - +0 cloak
rCorr    .         Rampage  .   (gloves unavailable)
MR       .....                  (boots unavailable)
Stlth    +.........             (no amulet)
HPRegen  0.20/turn              m - ring of protection from fire
MPRegen  0.12/turn              (no ring)

@: mighty, about to teleport, attractive
A: large, unfitting armour, horns 1, tough skin 1, weak 1
a: no special abilities


You were on level 4 of the Dungeon.
You visited 1 branch of the dungeon, and saw 4 of its levels.

You collected 195 gold pieces.

Inventory:

Hand Weapons
 g - a +0 whip
 q - a cursed +0 giant spiked club
 r - a +0 flail of holy wrath (weapon)
Missiles
 c - 31 poisoned darts (quivered)
 f - 114 stones
 o - 7 boomerangs
Armour
 a - a +0 robe (worn)
 h - a +0 cloak (worn)
Jewellery
 m - a ring of protection from fire (left hand)
Scrolls
 j - 3 scrolls of teleportation
Potions
 d - a potion of curing
 e - a potion of might


   Skills:
 - Level 3.0 Fighting
 - Level 3.0 Maces & Flails
 + Level 3.7 Throwing
 - Level 2.0 Dodging
 - Level 2.0 Stealth
 - Level 3.0 Spellcasting
 - Level 4.0 Conjurations


You had 8 spell levels left.
You knew the following spells:

 Your Spells              Type           Power        Failure   Level
a - Magic Dart            Conj           ###.         3%          1
b - Searing Ray           Conj           ###...       4%          2

Your spell library contained the following spells:

 Spells                   Type           Power        Failure   Level
 Dazzling Flash           Conj/Hex       #.....       22%         3
 Fulminant Prism          Conj/Hex       #.........   58%         4
 Iskenderun's Mystic Bla  Conj/Tloc      #.......     58%         4


Dungeon Overview and Level Annotations

Branches:
Dungeon (4/15)
 Temple: D:4-7

Altars:
Ashenzari
Yredelemnul
Zin

Annotations:
D:4 Eustachio


Innate Abilities, Weirdness & Mutations

You are too large for most types of armour.
You have tough skin. (AC +1)
You have a pair of small horns on your head.
You are weak. (Str -2)


Message History

You assume a fearsome visage.
Eustachio looks frightened!
The crimson imp is unaffected.
The bat looks frightened!
The quasit is unaffected. x2; Eustachio is pulled toward you!
The quasit bites you but does no damage.
The quasit claws you but does no damage.
The quasit completely misses you. The crimson imp hits you.
* * * LOW HITPOINT WARNING * * *
Eustachio begs for mercy.
Eustachio casts a spell.
Eustachio blinks!
As you read the scroll of teleportation, it crumbles to dust.
You feel strangely unstable. Eustachio is pulled toward you!
The bat is pulled toward you! The quasit bites you.
* * * LOW HITPOINT WARNING * * *
The quasit claws you but does no damage. x2
The crimson imp hits you.
* * * LOW HITPOINT WARNING * * *
Eustachio gestures wildly while chanting.
Eustachio blinks!
The quasit bites you.
You die...

####............##.###
#
#............@#......#
#
#...............##.#.#
#
#.....#.#....b..##.#.#
#.....#.#.......#....#
#######......(..##(#.#
## #.....#§#.##.#.#
....#
#.....#5#......#.###.#
#.....#@#.........##.#
.......#5#..#...#.###.#
.......#5#......# #
#.###
.....###(§.....(#.#
#.#.. ................
#.#.#
..#####(.......###....
#..#.......<...#
#..##....##...##
####..##....##...##


You could see Eustachio (fleeing), 2 quasits, a crimson imp (summoned, blind)
and a bat (summoned, fleeing).

Vanquished Creatures
  An ogre (D:4)
  A scorpion (D:4)
  A hound (D:4)
  2 bullfrog skeletons (D:4)
  6 adders
  An ooze (D:2)
  2 worms (D:2)
  A dart slug (D:2)
  3 leopard geckos
  6 orcs
  A ball python (D:2)
  4 bats
  4 giant cockroaches
  8 goblins
  9 hobgoblins
  12 jackals
  2 quokkas
  2 frilled lizards (D:3)
  6 kobolds (D:1)
  8 rats
80 creatures vanquished.

Notes
Turn   | Place    | Note
-------+----------+-------------------------------------------
     0 | D:1      | Murumi the Ogre Conjurer began the quest for the Orb.
     0 | D:1      | Reached XP level 1. HP: 16/16 MP: 3/3
   282 | D:1      | Reached XP level 2. HP: 24/24 MP: 3/6
   320 | D:1      | Learned a level 2 spell: Searing Ray
   525 | D:1      | Reached skill level 4 in Conjurations
  1008 | D:1      | Reached XP level 3. HP: 31/31 MP: 2/7
  1360 | D:2      | Found a basalt altar of Yredelemnul.
  1376 | D:2      | Reached skill level 1 in Throwing
  1450 | D:2      | Reached skill level 1 in Maces & Flails
  1478 | D:2      | Found a broken altar of Ashenzari.
  1495 | D:2      | Reached skill level 1 in Fighting
  1495 | D:2      | Reached XP level 4. HP: 41/41 MP: 4/8
  2906 | D:3      | Reached XP level 5. HP: 48/48 MP: 9/9
  3095 | D:2      | Found a glowing silver altar of Zin.
  3789 | D:4      | Noticed an ogre
  3799 | D:4      | Killed an ogre
  3799 | D:4      | Reached XP level 6. HP: 59/61 MP: 0/10
  3998 | D:4      | Noticed Eustachio
  4033 | D:4      | HP: 1/61 [Eustachio/+0 rapier (7)]
  4035 | D:4      | Gained mutation: You are weak. (Str -2) [potion of
                  | mutation]
  4035 | D:4      | Gained mutation: You have a pair of small horns on your
                  | head. [potion of mutation]
  4058 | D:4      | HP: 1/61 [crimson imp[Eustachio] (3)]
  4058 | D:4      | Slain by a quasit

Illustrated notes

Levels and vault maps discovered:
D:1:      nicolae_arrival_memento_mori, layout_basic
D:2:      layout_rooms, overflow_temple_1_default,
          nicolae_overflow_hidden_temple, ashenzari_altar_1
D:3:      layout_basic
D:4:      layout_basic, okawaru_altar_gauntlet_db, uniq_crazy_yiuf_cottage,
          uniq_eustachio

Skill      XL: |  1  2  3  4  5 |
---------------+----------------+-----
Spellcasting   | 3 |  3.0
Conjurations   | 4 |  4.0
Dodging        | 2 |  2.0
Stealth        | 2 |  2.0
Throwing       | 1 2 3 |  3.7
Maces & Flails | 1 3 |  3.0
Fighting       | 1 3 |  3.0

Action                   |  1- 3 |  4- 6 || total
-------------------------+-------+-------++-------
Melee: Unarmed           |     6 |       ||     6
       Whip              |     1 |   121 ||   122
       Flail             |       |    15 ||    15
Throw: Stone             |     6 |    96 ||   102
       Dart              |       |    13 ||    13
 Cast: Magic Dart        |    53 |       ||    53
       Searing Ray       |     5 |    15 ||    20
  Use: Scroll            |     2 |     7 ||     9
       Potion            |       |     5 ||     5
Armor: Robe              |     5 |    58 ||    63
Dodge: Dodged            |     9 |   110 ||   119

Table legend: (Time is in decaauts)
 A = Elapsed time spent in this place.
 B = Non-inter-level travel time spent in this place.
 C = Inter-level travel time spent in this place.
 D = Time resting spent in this place.
 E = Time spent auto-exploring this place.
 F = Levels seen in this place.
 G = Mean time per level.
                   A        B        C        D        E       F      G
               +--------+--------+--------+--------+--------+-----+--------+
         Total |   4065 |   3842 |    223 |     15 |   3208 |   4 | 1016.2 |
       Dungeon |   4065 |   3842 |    223 |     15 |   3208 |   4 | 1016.2 |
               +--------+--------+--------+--------+--------+-----+--------+

Top non-repeatable levels by time:
     D:1: 1167 daAuts
     D:2: 1161 daAuts
     D:3: 1017 daAuts
     D:4: 719 daAuts
